 Dungeon Crawl Stone Soup version 0.27-a0-277-g024f7ef292 (webtiles) character file.

Game seed: 15661359148055920748

108974 Majang the Frost Mage (level 16, -19/118 HPs)
             Began as a Demonspawn Ice Elementalist on Feb 7, 2021.
             Was a High Priest of Vehumet.
             Killed from afar by a will-o-the-wisp (22 damage)
             ... with a foxfire
             ... on level 1 of the Swamp.
             The game lasted 03:00:50 (30253 turns).

Majang the Frost Mage (DsIE)                       Turns: 30253, Time: 03:00:51

Health: -19/118    AC:  9    Str:  9    XL:     16   Next: 3%
Magic:  11/30      EV: 16    Int: 23    God:    Vehumet [*****.]
Gold:   596        SH:  0    Dex: 14    Spells: 12/36 levels left

rFire    . . .     SeeInvis .   a - +8 lajatang (venom)
rCold    + . .     Faith    .   (shield currently unavailable)
rNeg     . . .     Spirit   .   L - +2 robe {Will+}
rPois    +         Reflect  .   (helmet restricted)
rElec    .         Harm     .   B - +1 cloak
rCorr    .         Rampage  .   A - +2 pair of gloves
Will     ++...                  O - +0 pair of boots
Stlth    ++........             G - amulet of the acrobat
HPRegen  0.29/turn              T - ring of poison resistance
MPRegen  0.22/turn              g - ring of protection from cold

@: corroded
A: horns 2, foul stench 3, spiny 3, sharp scales 3
a: Renounce Religion


You were on level 1 of the Swamp.
You worshipped Vehumet.
Vehumet was extremely pleased with you.
You visited 5 branches of the dungeon, and saw 22 of its levels.
You also visited: Sewer and Bailey.

You collected 2301 gold pieces.
You spent 1705 gold pieces at shops.

Inventory:

Hand Weapons
 a - a +8 lajatang of venom (weapon)
 b - a +1 glaive of flaming
 H - the +7 lajatang of Order {silver, rMut}
   (You found it on level 12 of the Dungeon)

   It protects you from mutation.
Missiles
 P - 8 silver javelins
Armour
 e - a +1 robe of fire resistance
 v - a +0 buckler
 A - a +2 pair of gloves (worn)
 B - a +1 cloak (worn)
 L - a +2 robe of willpower (worn)
 O - a +0 pair of boots (worn)
Magical Staves
 J - an uncursed staff of conjuration
Jewellery
 g - a ring of protection from cold (right hand)
 r - a +6 ring of dexterity
 G - an amulet of the acrobat (around neck)
 T - a ring of poison resistance (left hand)
Wands
 c - a wand of paralysis (13)
 d - a wand of mindburst (1)
 t - a wand of digging (2)
 x - a wand of flame (39)
 y - a wand of random effects (25)
 D - a wand of acid (7)
 M - a wand of polymorph (21)
 N - a wand of iceblast (8)
Scrolls
 f - 2 scrolls of identify
 j - 10 scrolls of remove curse
 u - 9 scrolls of teleportation
 w - 7 scrolls of magic mapping
 C - 3 scrolls of immolation
 E - a scroll of enchant armour
 F - 2 scrolls of fear
 I - 4 scrolls of blinking
 Q - 3 scrolls of amnesia
 S - a scroll of holy word {unknown}
Potions
 h - 16 potions of curing
 i - 9 potions of might
 k - 11 potions of brilliance
 l - 7 potions of haste
 m - 2 potions of resistance
 n - 2 potions of magic
 p - 4 potions of mutation
 q - 7 potions of heal wounds
 s - 3 potions of cancellation
 z - 8 potions of lignification
 K - a potion of invisibility
 R - 2 potions of flight
Miscellaneous
 o - a condenser vane


   Skills:
 + Level 8.3 Fighting
 - Level 9.0 Staves
 + Level 7.8 Dodging
 - Level 1.7 Stealth
 - Level 4.0 Shields
 * Level 10.9 Spellcasting
 + Level 7.0 Conjurations
 * Level 11.0 Fire Magic
 * Level 11.3 Ice Magic
 + Level 8.4 Evocations


You had 12 spell levels left.
You knew the following spells:

 Your Spells              Type           Power        Failure   Level
a - Ozocubu's Armour      Ice            60%          1%          3
b - Iskenderun's Mystic   Conj/Tloc      28%          3%          4
c - Freeze                Ice            100%         1%          1
f - Fireball              Conj/Fire      26%          1%          5
h - Hailstorm             Conj/Ice       53%          1%          4
n - Sticky Flame          Conj/Fire      52%          1%          4
r - Frozen Ramparts       Ice            100%         1%          3

Your spell library contained the following spells:

 Spells                   Type           Power        Failure   Level
 Eringya's Noxious Bog    Tmut/Pois      6%           86%         6
 Foxfire                  Conj/Fire      100%         1%          1
 Magic Dart               Conj           100%         1%          1
 Shock                    Conj/Air       100%         1%          1
 Searing Ray              Conj           88%          1%          2
 Conjure Flame            Conj/Fire      52%          1%          3
 Dazzling Flash           Conj/Hex       56%          1%          3
 Inner Flame              Hex/Fire       38%          1%          3
 Static Discharge         Conj/Air       28%          1%          3
 Fulminant Prism          Conj/Hex       14%          3%          4
 Summon Ice Beast         Ice/Summ       38%          4%          4
 Animate Skeleton         Necr           24%          5%          1
 Apportation              Tloc           24%          5%          1
 Corona                   Hex            13%          5%          1
 Summon Small Mammal      Summ           48%          5%          1
 Call Imp                 Summ           12%          8%          2
 Swiftness                Air            12%          8%          2
 Lightning Bolt           Conj/Air       14%          10%         5
 Airstrike                Air            6%           13%         4
 Call Canine Familiar     Summ           12%          16%         3
 Summon Guardian Golem    Hex/Summ       12%          16%         3
 Summon Lightning Spire   Summ/Air       12%          45%         4
 Borgnjor's Revivificati  Necr           6%           100%        8
 Infestation              Necr           6%           100%        8
 Necromutation            Tmut/Necr      6%           100%        8
 Death's Door             Necr           6%           100%        9


Dungeon Overview and Level Annotations

Branches:
Dungeon (12/15)            Temple (1/1) D:5            Lair (6/6) D:11
  Swamp (1/4) Lair:4        Snake (0/4) Lair:2        Slime (0/5) Lair:5
    Orc (2/2) D:10            Elf (0/3) Orc:2         Sewer (visited)
 Bailey (visited)

Altars:
Ashenzari
Cheibriados
Dithmenos
Elyvilon
Fedhas
Gozag
Hepliaklqana
Kikubaaqudgha
Makhleb
Nemelex Xobeh
Okawaru
Qazlal
Ru
Sif Muna
Trog
Uskayaw
Vehumet
Wu Jian
Xom
Yredelemnul
Zin
The Shining One
Beogh

Shops:
D:5 =   Orc:2 ([[[

Portals:
Abyss: D:10

Annotations:
D:9 3 runed translucent doors, ReteAZ's ghost, novice DrTm
D:10 2 transporters, EnegeticOcto's ghost, novice OgMo


Innate Abilities, Weirdness & Mutations

You have a pair of horns on your head.
You frequently emit foul miasma when damaged in melee.
You are completely covered in sharp spines.
You are completely covered in razor-sharp scales. (AC +3, Slay +3)


Message History

The goliath frog hits you from afar.
You are splashed with acid! 2 foxfires come into view.
The foxfire hits you! The foxfire hits you!!
A vampire mosquito comes into view.
The vampire mosquito moves out of view.
The will-o-the-wisp gestures.
The will-o-the-wisp conjures some foxfire! 2 foxfires come into view.
There is a staircase back to the Lair here.
The foxfire hits you!!
* * * LOW HITPOINT WARNING * * *
The goliath frog hits you from afar!
* * * LOW HITPOINT WARNING * * *
The acid corrodes you!
You are splashed with acid!
* * * LOW HITPOINT WARNING * * *
The will-o-the-wisp gestures.
The will-o-the-wisp conjures some foxfire!
The foxfire hits you!!
You die...

♣♣♣........
♣♣♣♣♣....^...###.
♣..≈.≈≈D.......§≈
♣..≈≈≈≈≈.v§≈≈..≈≈
♣♣.≈≈..vv♣§§§§y
♣≈≈≈.§§≈♣ y.§
♣...F§♣♣♣ §
♣♣♣.v.♣ ♣≈@♣♣
♣♣♣♣


You could see a swamp dragon, a goliath frog and a will-o-the-wisp.

Vanquished Creatures
  Kirke (Lair:5)
  2 orc warlords
  An ettin (Orc:1)
  A fire dragon (Lair:6)
  2 boulder beetles
  6 hydras
  A catoblepas (Lair:4)
  Erica (D:11)
  2 two-headed ogres
  3 death yaks (Lair:6)
  Urug (D:10)
  An orc high priest (Orc:2)
  Nergalle (D:11)
  A deep elf knight (D:11)
  An unseen horror (D:10)
  A wizard (D:11)
  5 orc knights
  2 lindwurms (Lair:6)
  4 orc sorcerers
  2 cyclopes
  A centaur zombie (D:10)
  A water nymph (shapeshifter) (D:7)
  Joseph (D:9)
  8 black mambas
  6 elephants
  Maurice (Orc:1)
  3 molten gargoyles (Lair:6)
  A gargoyle (D:10)
  A centaur skeleton (D:11)
  9 cane toads
  2 torpor snails
  2 rime drakes
  12 komodo dragons
  3 trolls
  2 polar bears
  20 blink frogs
  A meliai zombie (D:11)
  A wraith (D:10)
  9 wyverns
  5 basilisks
  46 yaks
  3 hogs (Lair:5)
  3 steam dragons (Lair:6)
  4 wargs
  8 vampire mosquitoes
  2 nagas (Lair:2)
  Duvessa (D:4)
  An acid dragon (D:10)
  15 water moccasins
  5 hell hounds (Lair:6)
  A swamp drake (Lair:4)
  4 ice beasts
  A black bear (shapeshifter) (D:7)
  A sky beast (D:9)
  44 orc warriors
  A black bear (D:7)
  14 ogres
  An eye of draining (D:10)
  A necrophage (D:5)
  13 wolves
  5 centaurs
  2 big kobolds (Sewer)
  A wyvern zombie (D:7)
  22 bullfrogs
  3 scorpions
  Dowan (D:4)
  11 killer bees
  10 wights
  2 electric eels (Lair:6)
  5 lava snakes (Lair:6)
  2 jellies
  4 hounds
  Crazy Yiuf (D:4)
  23 orc priests
  2 bullfrog skeletons
  Jessica (D:3)
  Natasha (thrice) (D:4)
  Ijyb (D:5)
  Terence (D:2)
  8 iguanas
  26 orc wizards
  4 hell rats (Lair:5)
  6 worker ants
  A killer bee zombie (D:9)
  A hound zombie (D:6)
  A hound skeleton (D:4)
  2 worker ant zombies
  19 gnolls
  A howler monkey skeleton (D:7)
  15 adders
  8 river rats (Sewer)
  4 shadow imps
  2 white imps (D:5)
  4 ufetubi
  2 adder skeletons (D:9)
  A worm (D:5)
  2 dart slugs (D:1)
  5 leopard geckos
  117 orcs
  8 ball pythons
  6 giant cockroaches
  27 goblins
  27 hobgoblins
  8 jackals
  4 quokkas
  12 bats
  7 frilled lizards
  23 kobolds
  A quokka zombie (D:5)
  23 rats
772 creatures vanquished.

Vanquished Creatures (others)
  3 humans (Lair:5)
  An orc (Orc:2)
  5 foxfires (Swamp:1)
  39 fungi
  54 plants
102 creatures vanquished.

Grand Total: 874 creatures vanquished

Notes
Turn   | Place    | Note
-------+----------+-------------------------------------------
     0 | D:1      | Majang the Demonspawn Ice Elementalist began the quest for
                  | the Orb.
     0 | D:1      | Reached XP level 1. HP: 13/13 MP: 3/3
   210 | D:1      | Gained mutation: You have a pair of small horns on your
                  | head. [demonic ancestry]
   210 | D:1      | Reached XP level 2. HP: 19/19 MP: 3/5
   731 | D:1      | Gained mutation: You may rarely emit foul miasma when
                  | damaged in melee. [demonic ancestry]
   731 | D:1      | Reached XP level 3. HP: 17/24 MP: 1/7
  1327 | D:1      | Learned a level 3 spell: Ozocubu's Armour
  1331 | D:1      | Learned a level 3 spell: Frozen Ramparts
  1477 | D:2      | Noticed Terence
  1490 | D:2      | HP: 1/24 [Terence/+0 hand axe (8)]
  1509 | D:2      | Killed Terence
  1510 | D:2      | Gained mutation: You have a pair of horns on your head.
                  | [demonic ancestry]
  1510 | D:2      | Reached XP level 4. HP: 3/30 MP: 0/8
  3042 | D:3      | Noticed Jessica
  3048 | D:3      | Killed Jessica
  3049 | D:3      | Gained mutation: You are partially covered in razor-sharp
                  | scales. (AC +1, Slay +1) [demonic ancestry]
  3049 | D:3      | Reached XP level 5. HP: 28/35 MP: 0/10
  4020 | D:4      | Reached skill level 5 in Ice Magic
  4161 | D:4      | Noticed Natasha
  4172 | D:4      | Killed Natasha
  4208 | D:4      | Noticed Natasha
  4214 | D:4      | Killed Natasha
  4215 | D:4      | Gained mutation: You are partially covered in sharp spines.
                  | [demonic ancestry]
  4215 | D:4      | Reached XP level 6. HP: 20/41 MP: 8/12
  4333 | D:4      | Found a glowing drain.
  4352 | Sewer    | Entered a sewer
  4765 | Sewer    | Gained mutation: You sometimes emit foul miasma when
                  | damaged in melee. [demonic ancestry]
  4765 | Sewer    | Reached XP level 7. HP: 38/47 MP: 10/14
  4786 | Sewer    | Reached skill level 1 in Evocations
  4844 | Sewer    | Reached skill level 1 in Fighting
  4947 | Sewer    | Reached skill level 1 in Staves
  5364 | D:4      | Noticed Dowan
  5367 | D:4      | Noticed Duvessa
  5380 | D:4      | Killed Dowan
  5454 | D:4      | Killed Duvessa
  5455 | D:4      | Reached skill level 5 in Spellcasting
  5756 | D:4      | Found a radiant altar of Vehumet.
  5768 | D:4      | Became a worshipper of Vehumet
  5820 | D:4      | Noticed Natasha
  5831 | D:4      | Killed Natasha
  5832 | D:4      | Reached skill level 1 in Shields
  5880 | D:4      | Found a runed translucent door.
  5881 | D:4      | Noticed Crazy Yiuf
  5889 | D:4      | Killed Crazy Yiuf
  6142 | D:5      | Entered Level 5 of the Dungeon
  6181 | D:5      | Found a staircase to the Ecumenical Temple.
  6190 | Temple   | Entered the Ecumenical Temple
  6380 | D:5      | Noticed Ijyb
  6392 | D:5      | Killed Ijyb
  6563 | D:5      | Found Jul Def's Jewellery Emporium.
  6799 | D:5      | Reached XP level 8. HP: 38/56 MP: 11/15
  7107 | D:5      | Found a blossoming altar of Fedhas.
  7299 | D:5      | Found a hazy altar of Hepliaklqana.
  8087 | D:6      | Found a broken altar of Ashenzari.
  8114 | D:6      | Reached * piety under Vehumet
  8114 | D:6      | Offered knowledge of Shock by Vehumet.
  8756 | D:7      | Gained mutation: You are mostly covered in razor-sharp
                  | scales. (AC +2, Slay +2) [demonic ancestry]
  8756 | D:7      | Reached XP level 9. HP: 64/64 MP: 14/17
  9302 | D:7      | Noticed a glowing shapeshifter
  9302 | D:7      | a quokka changed into a glowing shapeshifter
  9302 | D:7      | Noticed a cyclops
  9302 | D:7      | a glowing shapeshifter changed into a cyclops
  9303 | D:7      | a cyclops changed into a swamp worm
  9305 | D:7      | Noticed a deep troll
  9305 | D:7      | a redback changed into a deep troll
  9307 | D:7      | a deep troll changed into a swamp worm
  9311 | D:7      | Noticed a mana viper
  9311 | D:7      | a snapping turtle changed into a mana viper
  9316 | D:7      | Noticed a torpor snail
  9316 | D:7      | a mana viper changed into a torpor snail
  9317 | D:7      | Noticed a water nymph
  9317 | D:7      | a torpor snail changed into a water nymph
  9319 | D:7      | Killed a water nymph
 10039 | D:7      | Got a jewelled helmet
 10040 | D:7      | Identified the +5 helmet of Toofom {+Inv Str+4 Int+2
                  | Slay+2} (You found it on level 7 of the Dungeon)
 10315 | D:7      | Reached ** piety under Vehumet
 10315 | D:7      | Offered knowledge of Sandblast by Vehumet.
 10319 | D:7      | Reached skill level 1 in Conjurations
 10398 | D:7      | Reached skill level 1 in Fire Magic
 10850 | D:8      | Gained mutation: You are completely covered in razor-sharp
                  | scales. (AC +3, Slay +3) [demonic ancestry]
 10850 | D:8      | Reached XP level 10. HP: 73/73 MP: 12/19
 11846 | D:9      | Found a runed translucent gate.
 11848 | D:9      | Found a runed translucent gate.
 11850 | D:9      | Found a runed translucent gate.
 11883 | D:9      | Noticed ReteAZ's ghost (novice DrTm)
 11968 | D:9      | Reached skill level 5 in Evocations
 12023 | D:9      | Noticed Joseph
 12028 | D:9      | Killed Joseph
 12028 | D:9      | Offered knowledge of Inner Flame by Vehumet.
 12365 | D:9      | Noticed a cyclops
 12393 | D:9      | Killed a cyclops
 12394 | D:9      | Reached skill level 5 in Dodging
 12673 | D:9      | Reached *** piety under Vehumet
 12768 | D:9      | Reached skill level 5 in Fighting
 13026 | D:10     | Entered Level 10 of the Dungeon
 13026 | D:10     | Found a transporter.
 13044 | D:10     | Found a transporter.
 13047 | D:10     | Noticed a hell hog
 13048 | D:10     | Noticed a great orb of eyes
 13048 | D:10     | Identified the cursed +1 spear "Yvixzan" {distort, rF++
                  | Dex+2 SInv}
 13048 | D:10     | Noticed a rakshasa
 13109 | D:10     | Noticed a gargoyle
 13128 | D:10     | Killed a gargoyle
 13350 | D:10     | Found a flagged portal.
 13358 | D:10     | Offered knowledge of Conjure Flame by Vehumet.
 13544 | Bailey   | Entered a bailey
 13565 | Bailey   | Gained mutation: You frequently emit foul miasma when
                  | damaged in melee. [demonic ancestry]
 13565 | Bailey   | Reached XP level 11. HP: 80/80 MP: 15/21
 13664 | Bailey   | Reached **** piety under Vehumet
 13678 | Bailey   | Offered knowledge of Lightning Bolt by Vehumet.
 13987 | Bailey   | Noticed an orc warlord
 14007 | Bailey   | Reached skill level 5 in Staves
 14013 | Bailey   | Killed an orc warlord
 14266 | D:10     | Found a staircase to the Orcish Mines.
 14275 | D:10     | Reached ***** piety under Vehumet
 14275 | D:10     | Offered knowledge of Lee's Rapid Deconstruction by Vehumet.
 14599 | D:10     | Found a one-way gate to the infinite horrors of the Abyss.
 14599 | D:10     | Noticed EnegeticOcto's ghost (novice OgMo)
 14600 | D:10     | Noticed a two-headed ogre
 14619 | D:10     | Killed a two-headed ogre
 14712 | D:10     | Killed an unseen horror
 15033 | D:10     | Noticed Urug
 15050 | D:10     | Killed Urug
 15441 | Orc:1    | Entered Level 1 of the Orcish Mines
 15441 | Orc:1    | Noticed Maurice
 15458 | Orc:1    | Killed Maurice
 15826 | Orc:1    | Noticed an ettin
 15843 | Orc:1    | Killed an ettin
 15844 | Orc:1    | Reached skill level 5 in Fire Magic
 16037 | Orc:1    | Noticed an orc sorcerer
 16045 | Orc:1    | Killed an orc sorcerer
 16111 | Orc:1    | Found a roughly hewn altar of Beogh.
 16187 | Orc:2    | Entered Level 2 of the Orcish Mines
 16187 | Orc:2    | Found Zudutu Xiuj's Distillery.
 16244 | Orc:2    | Bought a potion of degeneration for 16 gold pieces
 16323 | Orc:2    | Gained mutation: You are mostly covered in sharp spines.
                  | [demonic ancestry]
 16323 | Orc:2    | Reached XP level 12. HP: 88/88 MP: 19/24
 16356 | Orc:2    | Found a roughly hewn altar of Beogh.
 16498 | Orc:2    | Found a shimmering blue altar of Sif Muna.
 16518 | Orc:2    | Identified Sif Muna's Reference Book on the Escort
 16578 | Orc:2    | Found a roughly hewn altar of Beogh.
 16578 | Orc:2    | Found Nataruan's Antique Armour Emporium.
 16646 | Orc:2    | Bought an embroidered robe for 99 gold pieces
 17233 | Orc:2    | Noticed an orc warlord
 17393 | Orc:2    | Offered knowledge of Yara's Violent Unravelling by Vehumet.
 17400 | Orc:2    | Learned a level 4 spell: Hailstorm
 17405 | Orc:2    | Learned a level 4 spell: Iskenderun's Mystic Blast
 17588 | Orc:2    | Killed an orc warlord
 17944 | Orc:2    | Found Puso's Antique Weapon Boutique.
 18051 | Orc:2    | Found a roughly hewn altar of Beogh.
 18054 | Orc:2    | Found Teottoec's Antique Armour Shop.
 18074 | Orc:2    | Bought a runed lajatang for 414 gold pieces
 18189 | Orc:2    | Found a roughly hewn altar of Beogh.
 18344 | Orc:2    | Found Erashrol's Antique Armour Boutique.
 18477 | Orc:2    | Found a staircase to the Elven Halls.
 18560 | Orc:2    | Found a roughly hewn altar of Beogh.
 18751 | Orc:2    | Noticed an orc high priest
 18760 | Orc:2    | Killed an orc high priest
 18761 | Orc:2    | Reached skill level 5 in Conjurations
 18897 | Orc:2    | Bought a potion of cancellation for 128 gold pieces
 18897 | Orc:2    | Bought a potion of curing for 48 gold pieces
 18897 | Orc:2    | Bought a potion of heal wounds for 80 gold pieces
 18897 | Orc:2    | Bought a potion of brilliance for 64 gold pieces
 18897 | Orc:2    | Bought a potion of curing for 48 gold pieces
 18897 | Orc:2    | Bought a potion of might for 64 gold pieces
 18897 | Orc:2    | Bought 2 potions of cancellation for 256 gold pieces
 18897 | Orc:2    | Bought a potion of lignification for 48 gold pieces
 18897 | Orc:2    | Bought a potion of haste for 160 gold pieces
 18924 | D:10     | Reached XP level 13. HP: 94/94 MP: 26/26
 18925 | D:10     | Gained mutation: You are completely covered in sharp
                  | spines. [demonic ancestry]
 18925 | D:10     | Reached XP level 14. HP: 101/101 MP: 27/27
 18986 | D:11     | Noticed Erica
 18997 | D:11     | Killed Erica
 19496 | D:11     | Noticed Nergalle
 19508 | D:11     | Killed Nergalle
 19711 | D:11     | Found a staircase to the Lair.
 19928 | D:11     | Reached skill level 10 in Ice Magic
 20385 | Lair:1   | Entered Level 1 of the Lair of Beasts
 21539 | Lair:1   | Offered knowledge of Irradiate by Vehumet.
 22331 | Lair:2   | Reached XP level 15. HP: 108/108 MP: 28/28
 22358 | Lair:2   | Found a staircase to the Snake Pit.
 23769 | Lair:3   | Reached skill level 10 in Fire Magic
 24350 | Lair:4   | Found a staircase to the Swamp.
 24813 | Lair:4   | Reached skill level 10 in Spellcasting
 25265 | Lair:5   | Found a staircase to the Slime Pits.
 25297 | Lair:5   | Learned a level 5 spell: Fireball
 25305 | Lair:5   | Learned a level 4 spell: Sticky Flame
 25663 | Lair:5   | Offered knowledge of Eringya's Noxious Bog by Vehumet.
 25730 | Lair:5   | Got a slimy glaive
 25737 | Lair:5   | Identified the cursed +0 glaive of Reinforcement
                  | {antimagic, Int+3} (You found it on level 5 of the Lair of
                  | Beasts)
 25781 | Lair:5   | Noticed Kirke
 25789 | Lair:5   | Killed Kirke
 26458 | Lair:6   | Entered Level 6 of the Lair of Beasts
 28374 | Lair:6   | Found a large runed translucent door.
 28375 | Lair:6   | Found a large runed translucent door.
 29318 | D:12     | Reached XP level 16. HP: 107/117 MP: 22/30
 29530 | D:12     | Got an agate-studded leather armour
 29531 | D:12     | Identified the +1 leather armour "Deseliff" {Harm *Corrode
                  | rPois Str+7} (You found it on level 12 of the Dungeon)
 29541 | D:12     | Found the +7 lajatang of Order {silver, rMut}
 30027 | D:5      | Bought an uncursed ring of poison resistance for 280 gold
                  | pieces
 30237 | Swamp:1  | Entered Level 1 of the Swamp
 30253 | Swamp:1  | HP: 3/118 [acid (9)]
 30253 | Swamp:1  | Killed from afar by a will-o-the-wisp

Illustrated notes

Levels and vault maps discovered:
D:1:      psy_arrival_whirlpool, layout_loops_ring
D:2:      layout_loops_ring, dk_vineyard_1,
          hangedman_abyss_or_decor_lesser_grid, uniq_terence
D:3:      layout_basic, uniq_jessica
D:4:      layout_basic, vehumet_altar_wand_db, gup_sewer_entry_glass,
          minmay_crystal_water, minmay_misc_feat_doors, uniq_natasha,
          uniq_duvessa, uniq_crazy_yiuf_cottage
D:5:      layout_loops_corners, minmay_temple_entry_stoned_glass, serial_shops,
          nicolae_shop_waterfront, hangedman_feature_mirror, kennysheep_diamond,
          minmay_joined_circles, uniq_ijyb
D:6:      layout_loops_ring, cheibrodos_ashenzari_chains
D:7:      layout_loops_corners, minmay_fountain_box
D:8:      layout_basic, serial_curves, eino_curves_01, eino_curves_02
D:9:      layout_basic, gammafunk_ghost_necromancy, minmay_sticks_and_stones,
          uniq_joseph
D:10:     layout_basic, david_orc_2, gammafunk_ghost_abyssal_escape,
          enter_bailey_5, uniq_urug
D:11:     layout_loops_cross, erik_lair_orcish_takeover, sword_in_stone,
          uniq_nergalle
D:12:     layout_loops_cross
Temple:   nicolae_temple_the_god_donut
Lair:1:   layout_layer_cave
Lair:2:   layout_layer_cave, guppyfry_snake_entry_garden, grunt_megastairs_3
Lair:3:   layout_cave_pods, lemuel_old_faithful
Lair:4:   nzn_winding_woodlands_stair_trap
          [nzn_winding_woodlands_5x15_sidewinder,
          nzn_winding_woodlands_5x15_eye, nzn_winding_woodlands_5x15_twine,
          nzn_winding_woodlands_15x15_killbox, nzn_winding_woodlands_5x15_pool,
          nzn_winding_woodlands_5x15_pathside_ponds,
          nzn_winding_woodlands_5x15_sawtooth], layout_long_grid,
          minmay_swamp_entry_reptiles, grunt_megastairs_1
Lair:5:   layout_roguey, slime_dummy, minivault_24, uniq_kirke
Lair:6:   cheibrodos_lair_end_hotspot, layout_loops_ring, serial_bayou,
          serial_bayou_crossing, serial_bayou_pond_a, serial_bayou_pond_b,
          serial_bayou_lagoon_b, serial_bayou_pond_e, serial_bayou_shore_b
Swamp:1:  layout_basic_swamp, gammafunk_ghost_hydra_chop, serial_swamp_ruin,
          evilmike_swamp_ruin_house_1, evilmike_swamp_ruin_rubble_1,
          uniq_jorgrun
Orc:1:    layout_caves, basic_altar, uniq_maurice
Orc:2:    grunt_orc_community_town_hall, layout_diamond_mine,
          grunt_orc_community_big_house_1, grunt_orc_community_big_house_2,
          grunt_orc_community_house_1, grunt_orc_community_house_2,
          grunt_orc_community_house_3, grunt_orc_community_house_2, basic_altar,
          serial_shops, shop, led_sif_book

Skill      XL: |  1  2  3  4  5  6  7  8  9 10 11 12 13 14 15 16 |
---------------+-------------------------------------------------+-----
Ice Magic      | 4 5 6 7 8 9 10 11 | 11.3
Spellcasting   | 3 4 5 6 7 8 9 10 | 10.9
Dodging        | 2 3 4 5 6 7 |  7.8
Evocations     | 2 3 4 5 6 7 8 |  8.4
Fighting       | 2 3 4 5 6 7 8 |  8.3
Staves         | 2 3 4 5 6 8 9 |  9.0
Shields        | 1 2 3 4 |  4.0
Conjurations   | 1 3 4 5 6 7 |  7.0
Fire Magic     | 1 3 5 9 11 | 11.0
Stealth        | |  1.7

Action                   |  1- 3 |  4- 6 |  7- 9 | 10-12 | 13-15 | 16-18 || total
-------------------------+-------+-------+-------+-------+-------+-------++-------
Melee: Club              |     7 |       |       |       |       |       ||     7
       Hand axe          |    11 |    18 |       |       |       |       ||    29
       Headbutt          |     2 |     6 |    31 |    28 |    44 |     4 ||   115
       Flail             |       |    17 |       |       |       |       ||    17
       Quarterstaff      |       |    19 |   162 |    96 |       |       ||   277
       Staff             |       |       |       |     1 |       |       ||     1
       Lajatang          |       |       |       |    30 |   206 |    25 ||   261
       Glaive            |       |       |       |       |    13 |       ||    13
 Cast: Freeze            |    41 |    11 |     2 |     2 |       |       ||    56
       Frozen Ramparts   |     3 |    28 |    47 |   103 |    98 |     3 ||   282
       Ozocubu's Armour  |     1 |     2 |    31 |    60 |    62 |     2 ||   158
       Hailstorm         |       |       |       |       |    32 |     2 ||    34
       Sticky Flame      |       |       |       |       |    16 |       ||    16
       Fireball          |       |       |       |       |    15 |     4 ||    19
       Iskenderun's Myst |       |       |       |       |     2 |       ||     2
 Abil: Evoke Flight      |       |       |       |     1 |       |       ||     1
Evoke: Wand              |       |       |    19 |    18 |    11 |       ||    48
  Use: Scroll            |     5 |     3 |    15 |     3 |     5 |     1 ||    32
       Potion            |       |       |     3 |     2 |     8 |       ||    13
 Stab: Sleeping          |     4 |     1 |     5 |     4 |     4 |       ||    18
       Distracted        |       |       |       |     2 |     2 |       ||     4
Armor: Robe              |     7 |    13 |    34 |    54 |    86 |     1 ||   195
Dodge: Dodged            |    37 |    48 |   147 |   334 |   321 |     9 ||   896

Table legend: (Time is in decaauts)
 A = Elapsed time spent in this place.
 B = Non-inter-level travel time spent in this place.
 C = Inter-level travel time spent in this place.
 D = Time resting spent in this place.
 E = Time spent auto-exploring this place.
 F = Levels seen in this place.
 G = Mean time per level.
                   A        B        C        D        E       F      G
               +--------+--------+--------+--------+--------+-----+--------+
         Total |  30400 |  29020 |   1380 |   9671 |   9877 |  24 | 1266.7 |
       Dungeon |  16700 |  15889 |    811 |   5803 |   6643 |  12 | 1391.7 |
        Temple |     71 |     71 |      0 |      0 |      0 |   1 |   71.0 |
          Lair |   8618 |   8124 |    494 |   1856 |   2491 |   6 | 1436.3 |
         Swamp |     15 |     15 |      0 |      0 |      0 |   1 |   15.0 |
  Orcish Mines |   3485 |   3412 |     73 |   1492 |    522 |   2 | 1742.5 |
         Sewer |    856 |    856 |      0 |    300 |    196 |   1 |  856.0 |
        Bailey |    652 |    652 |      0 |    219 |     24 |   1 |  652.0 |
               +--------+--------+--------+--------+--------+-----+--------+

Top non-repeatable levels by time:
   Orc:2: 2594 daAuts
  Lair:6: 2412 daAuts
    D:10: 2184 daAuts
     D:7: 1875 daAuts
     D:5: 1492 daAuts
  Lair:1: 1456 daAuts
  Lair:4: 1441 daAuts
     D:9: 1420 daAuts
     D:2: 1387 daAuts
     D:4: 1370 daAuts
     D:3: 1304 daAuts
     D:1: 1286 daAuts
  Lair:2: 1279 daAuts
  Lair:5: 1196 daAuts
     D:6: 1172 daAuts
